 Dungeon Crawl Stone Soup version 0.21.2-1-g0862bd23eb (webtiles) character file.

301 eoipjurhbg the Covert (level 6, -2/27 HPs)
             Began as a Felid Enchanter on Sept 14, 2019.
             Was an Initiate of Makhleb.
             Slain by Grinder (4 damage)
             ... while paralysed by Grinder
             ... on level 5 of the Dungeon on Sept 15, 2019.
             The game lasted 00:16:48 (7326 turns).

eoipjurhbg the Covert (Felid Enchanter)             Turns: 7326, Time: 00:16:48

Health: -2/27      AC:  2    Str:  4    XL:     6   Next: 14%
Magic:  21/21      EV:  4    Int: 17    God:    Makhleb [......]
Gold:   38         SH:  0    Dex: 18    Spells: 3/12 levels left
                                        Lives:  0   Deaths: 2

rFire    . . .     SeeInvis +     - Unarmed
rCold    . . .     Gourm    .   (shield unavailable)
rNeg     . . .     Faith    .   (armour unavailable)
rPois    .         Spirit   .   (helmet unavailable)
rElec    .         Reflect  .   (cloak unavailable)
rCorr    .         Harm     .   (gloves unavailable)
MR       .....                  (boots unavailable)
Stlth    +++++.....             (no amulet)
HPRegen  0.09/turn              m - ring of magical power
MPRegen  0.17/turn              (no ring)

@: paralysed, quick
A: very small, no armour, no weapons or thrown items, stealth, claws 1, fangs 3,
see invisible, carnivore, speed 1, shaggy fur 2, slow metabolism 1, sharp paws
a: Renounce Religion


You were on level 5 of the Dungeon.
You worshipped Makhleb.
Makhleb was noncommittal.
You were not hungry.

You visited 1 branch of the dungeon, and saw 5 of its levels.

You collected 227 gold pieces.
You spent 189 gold pieces at shops.

Inventory:

Jewellery
 l - an uncursed ring of fire
 m - a ring of magical power (left paw)
 n - an uncursed amulet of rage
 t - a cursed ring of protection from cold
Scrolls
 d - 2 scrolls of teleportation
 e - 4 scrolls of amnesia {unknown}
 f - 3 scrolls of enchant armour {unknown}
 g - 2 scrolls of remove curse {unknown}
 h - a scroll of magic mapping {unknown}
 p - a scroll of blinking {unknown}
 q - a scroll of fog {unknown}
Potions
 c - a potion of flight
 i - a potion of might
 j - a potion of mutation {unknown}
 k - a potion of berserk rage {unknown}
 r - a potion of cancellation
Books
 a - a book of Maledictions

   Spells                             Type                      Level
   a - Corona                         Hexes                        1
   b - Ensorcelled Hibernation        Hexes/Ice                    2
   c - Confuse                        Hexes                        3
   d - Tukima's Dance                 Hexes                        3
   e - Dazzling Spray                 Conjuration/Hexes            3
Comestibles
 b - 8 rations


   Skills:
 + Level 2.7 Fighting
 + Level 7.2 Dodging
 + Level 8.4 Stealth
 + Level 3.0 Unarmed Combat
 + Level 3.5 Spellcasting
 + Level 6.2 Hexes


You had 3 spell levels left.
You knew the following spells:

 Your Spells              Type           Power        Failure   Level  Hunger
a - Corona                Hex            ###....      1%          1    None
b - Ensorcelled Hibernat  Hex/Ice        ##....       7%          2    ##.....
c - Confuse               Hex            ###.....     3%          3    ###....
d - Tukima's Dance        Hex            ###.....     3%          3    ###....


Dungeon Overview and Level Annotations

Branches:
Dungeon (5/15)
 Temple: D:4-7

Altars:
Dithmenos
Elyvilon
Fedhas
Hepliaklqana
Makhleb
Nemelex Xobeh
Okawaru
Qazlal
Uskayaw
Vehumet
Wu Jian
Xom

Shops:
D:4 *

Annotations:
D:2 1 runed door
D:5 Blork the orc; Grinder; eoipjurhbg's ghost, amateur FeEn


Innate Abilities, Weirdness & Mutations

You cannot wear armour.
You are incapable of wielding weapons or throwing items.
Your paws allow you to move quietly. (Stealth)
You have sharp claws.
You have razor-sharp teeth.
You have supernaturally acute eyesight. (SInv)
You are carnivorous and can eat meat at any time.
You cover ground quickly.
You are covered in thick fur. (AC +2)
You have a slow metabolism.
Your sharp claws are effective at attacking unaware monsters.


Message History

Grinder is nearby!
Grinder shouts!
Grinder gestures at you.
You suddenly lose the ability to move!
You can move again.
Grinder misses you.
Grinder blinks!
The orc priest casts a cantrip, but nothing happens.
Grinder gestures at you. You resist with significant effort.
The orc closely misses you. Grinder completely misses you.
The orc closely misses you. Grinder gestures at you.
You suddenly lose the ability to move!
The orc hits you. Grinder hits you. The orc hits you. Grinder hits you!
The orc hits you. Grinder hits you!
* * * LOW HITPOINT WARNING * * *
You writhe in agony.
You die...

.#
#.#...........#
....
#.#...........#
...#
#.....#####'#.#
.o.# ##....
#.#.# ...#
...... #.#.#
....
#...#####.#.#
..##.>.......#.#
......o..#####.#
.....o5@.+ ..#
.J.......#
...........
.........###
##.=......
#.........
+.........
#.........#


You could see Grinder, a jelly (wandering), an orc priest and an orc.

Vanquished Creatures
  Pikel (D:4)
  Sigmund (D:2)
  Edmund (D:4)
  A centaur (D:4)
  An orc priest (D:4)
  An orc wizard (D:4)
  Natasha (thrice) (D:4)
  A worker ant (D:2)
  A hound skeleton (D:3)
  A gnoll (D:2)
  7 adders
  A shadow imp (D:5)
  2 worms
  A dart slug (D:3)
  A leopard gecko (D:1)
  7 orcs
  7 bats
  3 giant cockroaches
  4 hobgoblins
  A jackal (D:5)
  A quokka (D:3)
  6 frilled lizards
  9 goblins
  A jackal skeleton (D:4)
  7 kobolds
  6 rats
76 creatures vanquished.

Vanquished Creatures (others)
  A dancing weapon (D:4)
  The ghost of dscm the Grave Robber, a weakling OpNe (D:4)
  A hound (D:4)
  An orc (D:4)
  2 goblins (D:2)
  A bat (D:2)
  A rat (D:2)
8 creatures vanquished.

Grand Total: 84 creatures vanquished

Notes
Turn   | Place    | Note
-------+----------+-------------------------------------------
     0 | D:1      | eoipjurhbg the Felid Enchanter began the quest for the Orb.
     0 | D:1      | Reached XP level 1. HP: 7/7 MP: 4/4
   671 | D:1      | Reached XP level 2. HP: 9/11 MP: 6/6
   683 | D:1      | Learned a level 2 spell: Ensorcelled Hibernation
  1129 | D:1      | Found a sparkling altar of Nemelex Xobeh.
  1965 | D:2      | Found a white marble altar of Elyvilon.
  2025 | D:2      | nig
  2258 | D:2      | Reached skill level 5 in Stealth
  2258 | D:2      | Reached XP level 3. HP: 9/14 MP: 0/7
  2539 | D:2      | Learned a level 3 spell: Confuse
  2779 | D:2      | Noticed Sigmund
  2786 | D:2      | Killed Sigmund
  2786 | D:2      | Reached skill level 5 in Dodging
  2786 | D:2      | Reached skill level 7 in Stealth
  2786 | D:2      | Reached XP level 4. HP: 18/18 MP: 5/8
  2786 | D:2      | Reached XP level 5. HP: 21/21 MP: 5/9
  2920 | D:2      | Found a runed door.
  3042 | D:2      | Found an iron altar of Okawaru.
  3378 | D:3      | Found an ornate altar of the Wu Jian Council.
  3515 | D:3      | Found a stormy altar of Qazlal.
  3864 | D:3      | Found a shadowy altar of Dithmenos.
  3864 | D:3      | Found a sparkling altar of Nemelex Xobeh.
  3866 | D:3      | Found a hide-covered altar of Uskayaw.
  3868 | D:3      | Found a burning altar of Makhleb.
  4063 | D:3      | Gained mutation: You are covered in thick fur. (AC +2) [Felid growth]
  4063 | D:3      | Reached XP level 6. HP: 18/24 MP: 5/10
  4282 | D:3      | Found a radiant altar of Vehumet.
  5059 | D:3      | Found a shimmering altar of Xom.
  5434 | D:3      | Became a worshipper of Makhleb the Destroyer
  5439 | D:3      | Learned a level 3 spell: Tukima's Dance
  5466 | D:4      | Noticed Natasha
  5472 | D:4      | Killed Natasha
  5603 | D:4      | Noticed Pikel
  5604 | D:4      | Noticed a slave
  5604 | D:4      | Noticed a slave
  5608 | D:4      | Noticed a slave
  5610 | D:4      | Noticed a slave
  5636 | D:4      | Killed Pikel
  5636 | D:4      | Reached skill level 5 in Hexes
  5636 | D:4      | Reached XP level 7. HP: 22/30 MP: 10/12
  5677 | D:4      | Killed dscm's ghost
  5820 | D:4      | Noticed Natasha
  5829 | D:4      | Killed Natasha
  5829 | D:4      | Reached skill level 8 in Stealth
  5880 | D:4      | Found a hazy altar of Hepliaklqana.
  5906 | D:4      | Found a blossoming altar of Fedhas.
  6154 | D:4      | Noticed Natasha
  6168 | D:4      | Killed Natasha
  6314 | D:4      | Found Juvvobeg's Assorted Antiques.
  6318 | D:4      | Bought a golden ring for 135 gold pieces
  6318 | D:4      | Bought a scroll of identify for 54 gold pieces
  6645 | D:4      | Noticed Edmund
  6650 | D:4      | Killed Edmund
  6650 | D:4      | Reached XP level 8. HP: 34/34 MP: 14/14
  7077 | D:5      | Entered Level 5 of the Dungeon
  7256 | D:5      | Noticed eoipjurhbg's ghost (amateur FeEn)
  7268 | D:5      | Killed from afar by an orc wizard
  7269 | D:5      | Reached XP level 7. HP: -3/30 MP: 12/22
  7282 | D:5      | Noticed Blork the orc
  7291 | D:5      | Slain by an orc
  7292 | D:5      | Reached XP level 6. HP: 0/27 MP: 21/21
  7302 | D:5      | Noticed Grinder
  7313 | D:5      | Paralysed by Grinder for 3 turns
  7323 | D:5      | Paralysed by Grinder for 5 turns
  7326 | D:5      | Slain by Grinder

Skill      XL: |  1  2  3  4  5  6  7  8 |
---------------+-------------------------+-----
Dodging        | 3 5 6 7 |  7.2
Stealth        | 5 7 8 |  8.4
Fighting       | 2 |  2.7
Unarmed Combat | 2 3 |  3.0
Spellcasting   | 3 |  3.5
Hexes          | 5 6 |  6.2

Action                   |  1- 3 |  4- 6 |  7- 9 || total
-------------------------+-------+-------+-------++-------
Melee: Unarmed           |   108 |    51 |    47 ||   206
       Bite              |     3 |     2 |     6 ||    11
 Cast: Ensorcelled Hiber |    21 |    19 |    31 ||    71
       Confuse           |     2 |     1 |     3 ||     6
       Tukima's Dance    |       |     2 |       ||     2
       Corona            |       |       |     3 ||     3
  Use: Scroll            |       |     4 |     5 ||     9
 Stab: Sleeping          |    16 |    24 |    13 ||    53
       Confused          |     1 |     5 |     2 ||     8
  Eat: Chunk             |    10 |     9 |     4 ||    23
Armor: Skin              |    14 |     1 |     2 ||    17
Dodge: Dodged            |   121 |    46 |    90 ||   257
